 Dungeon Crawl Stone Soup version 0.20.1-1-g8b1a95d (webtiles) character file.

1155 rzd the Shield-Bearer (level 8, -2/49 HPs)
             Began as a Gargoyle Fighter on Sept 28, 2017.
             Was a Follower of Nemelex Xobeh.
             Slain by a bullfrog (4 damage)
             ... on level 6 of the Dungeon.
             The game lasted 00:25:51 (3383 turns).

rzd the Shield-Bearer (Gargoyle Fighter)            Turns: 3383, Time: 00:25:52

Health: -2/49      AC: 13    Str: 22    XL:     8   Next: 39%
Magic:  8/8        EV:  8    Int:  9    God:    Nemelex Xobeh [*.....]
Gold:   188        SH: 10    Dex:  9    Spells: 7/7 levels left

rFire    + . .     SeeInvis .   a - +1 war axe
rCold    + . .     Gourm    .   c - +0 shield
rNeg     + . .     Faith    .   b - +0 scale mail
rPois    ∞         Spirit   .   v - +0 helmet
rElec    +         Reflect  .   (no cloak)
rCorr    +         Harm     .   (no gloves)
MR       .....                  (no boots)
Stlth    ..........             n - amulet of magic regeneration
Regen    0.2/turn               (no ring)
MPRegen  0.2/turn               (no ring)

@: about to teleport, resistant
A: negative energy resistance 1, electricity resistance, unbreathing,
petrification resistance, rot immunity, AC +5
a: Renounce Religion


You were on level 6 of the Dungeon.
You worshipped Nemelex Xobeh.
Nemelex Xobeh was aware of your devotion.
You were not hungry.

You visited 1 branch of the dungeon, and saw 6 of its levels.

You collected 188 gold pieces.

Inventory:

Hand Weapons
 a - a +1 war axe (weapon)
Missiles
 m - 64 stones (quivered)
Armour
 b - a +0 scale mail (worn)
 c - a +0 shield (worn)
 v - a +0 helmet (worn)
Jewellery
 n - an amulet of magic regeneration (around neck)
Wands
 w - a wand of polymorph (10/24)
Scrolls
 j - a scroll of teleportation
 r - 2 scrolls of remove curse
Potions
 u - a potion of resistance
Books
 t - a Necronomicon

   Spells                             Type                      Level
   a - Haunt                          Necromancy/Summoning         7
   b - Borgnjor's Revivification      Necromancy                   8
   c - Death's Door                   Charms/Necromancy            8
   d - Infestation                    Necromancy                   8
   e - Necromutation                  Transmutation/Necromancy     8
Miscellaneous
 s - a plain deck of escape {drawn: 1}
 B - a plain deck of destruction {drawn: 1}
Comestibles
 d - 3 chunks of flesh
 f - 2 bread rations
 l - a meat ration


   Skills:
 + Level 5.0 Fighting
 + Level 5.4 Axes
 * Level 5.4 Armour
 + Level 1.7 Dodging
 * Level 6.5 Shields


You had 7 spell levels left.
You didn't know any spells.

Dungeon Overview and Level Annotations

Branches:
Dungeon (6/15)             Temple (0/1) D:4

Altars:
Nemelex Xobeh
Trog
Uskayaw
Xom
Yredelemnul


Innate Abilities, Weirdness & Mutations

You are resistant to torment.
Your stone body is resilient. (AC +5)
You are immune to poison.
You resist negative energy. (rN+)
You are resistant to electric shocks. (rElec)
You can survive without breathing.
You are immune to petrification.
You are immune to rotting.


Message History

You block the bullfrog's attack. x2
You miss the bullfrog.
The bullfrog is almost dead.
You block the bullfrog's attack.
You barely miss the bullfrog.
The bullfrog is almost dead.
The bullfrog hits you but does no damage.
The bullfrog barely misses you.
You closely miss the bullfrog.
The bullfrog is almost dead.
You block the bullfrog's attack. x2
You closely miss the bullfrog.
The bullfrog is almost dead.
The bullfrog snags a nearby mosquito with its tongue.
The bullfrog barely misses you. The bullfrog hits you.
* * * LOW HITPOINT WARNING * * *
As you read the scroll of teleportation, it crumbles to dust.
You feel strangely unstable. The bullfrog hits you.
You die...
Your body disappears without a glow.

*#..................#######...
#............#......# ##......
##........####......# #.......
#.....##..#*##....####.......
#....####..###....###........
##..## *#...................
#..#* ##.<................
*#.#* #...######......... *,,*
##@## #......... **,* #F#
#......... *** #o# ##........
##o##### ###......
####ooo...### #######
#...........## ###
#............#######..
##.............#......
#....................


You could see a bullfrog, an orc priest and 4 orcs.

Vanquished Creatures
  An ice beast (D:6)
  2 phantoms (D:6)
  An ogre (D:6)
  2 centaurs (D:6)
  2 howler monkeys
  A crimson imp (D:6)
  3 hounds
  An orc priest (D:6)
  Jessica (D:3)
  An iguana (D:4)
  An orc wizard (D:3)
  7 worker ants
  9 adders
  2 gnolls (D:2)
  An ooze (D:2)
  2 worms
  3 leopard geckos
  5 orcs
  5 ball pythons
  3 giant cockroaches
  7 goblins
  4 hobgoblins
  7 kobolds
  A quokka (D:4)
  5 bats
  3 frilled lizards
  A leopard gecko zombie (D:4)
  A quokka zombie (D:5)
  6 rats
88 creatures vanquished.

Notes
Turn   | Place    | Note
-------+----------+-------------------------------------------
     0 | D:1      | rzd the Gargoyle Fighter began the quest for the Orb.
     0 | D:1      | Reached XP level 1. HP: 14/14 MP: 1/1
   590 | D:1      | Reached XP level 2. HP: 19/19 MP: 2/2
   762 | D:2      | Found a hide-covered altar of Uskayaw.
   765 | D:2      | Found a bloodstained altar of Trog.
   768 | D:2      | Found a basalt altar of Yredelemnul.
   780 | D:2      | Found a shimmering altar of Xom.
   936 | D:2      | Reached XP level 3. HP: 20/24 MP: 3/3
  1288 | D:2      | Reached XP level 4. HP: 29/29 MP: 4/4
  1723 | D:3      | Reached skill level 4 in Shields
  1805 | D:3      | Reached XP level 5. HP: 25/33 MP: 5/5
  1813 | D:3      | Found a sparkling altar of Nemelex Xobeh.
  1822 | D:3      | Became a worshipper of Nemelex Xobeh the Trickster
  1855 | D:3      | Received a gift from Nemelex Xobeh
  1932 | D:3      | Noticed Jessica
  1949 | D:3      | Killed Jessica
  2286 | D:4      | Reached XP level 6. HP: 16/38 MP: 6/6
  2392 | D:4      | Reached skill level 5 in Shields
  2437 | D:4      | Reached * piety under Nemelex Xobeh
  2524 | D:4      | Found a staircase to the Ecumenical Temple.
  2546 | D:4      | Reached XP level 7. HP: 41/44 MP: 7/7
  2697 | D:5      | Entered Level 5 of the Dungeon
  2721 | D:5      | Received a gift from Nemelex Xobeh
  2863 | D:6      | Reached skill level 1 in Dodging
  2930 | D:6      | Reached skill level 5 in Armour
  3095 | D:6      | Reached skill level 6 in Shields
  3095 | D:6      | Reached XP level 8. HP: 48/48 MP: 8/8
  3100 | D:6      | Reached skill level 5 in Fighting
  3100 | D:6      | Reached skill level 5 in Axes
  3356 | D:6      | HP: 1/49 [orc priest/divine providence (12)]
  3382 | D:6      | HP: 2/49 [bullfrog (4)]
  3383 | D:6      | Slain by a bullfrog

Skill      XL: |  1  2  3  4  5  6  7  8 |
---------------+-------------------------+-----
Axes           | 2 3 4 5 |  5.4
Fighting       | 4 5 |  5.0
Shields        | 4 5 6 |  6.5
Armour         | 4 5 |  5.4
Dodging        | 1 |  1.7

Action                   |  1- 3 |  4- 6 |  7- 9 || total
-------------------------+-------+-------+-------++-------
Melee: War axe           |   105 |   191 |   127 ||   423
Evoke: Deck              |       |     1 |     1 ||     2
  Use: Scroll            |     2 |     1 |    10 ||    13
       Potion            |       |     4 |     8 ||    12
  Eat: Chunk             |     1 |     5 |     3 ||     9
Armor: Scale mail        |    50 |   101 |   103 ||   254
Dodge: Dodged            |    36 |    76 |    73 ||   185
Block: Shield            |    61 |   109 |   104 ||   274
